 Dungeon Crawl Stone Soup version 0.29.1-1-gd02db6906a (webtiles) character file.

Game seed: 10132255373223988185

1080 Ashen the Chiller (level 8, 59/60 HPs)
             Began as a Demonspawn Ice Elementalist on Sept 15, 2022.
             Got out of the dungeon alive.
             The game lasted 00:08:59 (5864 turns).

Ashen the Chiller (Demonspawn Ice Elementalist)     Turns: 5864, Time: 00:08:59

Health: 59/60      AC:  2    Str:  9    XL:     8   Next: 8%
Magic:  14/14      EV: 13    Int: 19    God:
Gold:   292        SH:  0    Dex: 13    Spells: 8/15 levels left

rFire   . . .      SeeInvis .   c - +3 dagger
rCold   . . .      Faith    .   (no shield)
rNeg    . . .      Spirit   .   a - +0 robe
rPois   .          Reflect  .   (no helmet)
rElec   .          Harm     .   (no cloak)
rCorr   .          Rampage  .   (gloves unavailable)
Will    .....                   (no boots)
Stlth   +++.......              (no amulet)
HPRegen 0.20/turn               (no ring)
MPRegen 0.28/turn               (no ring)

@: no status effects
A: magic regeneration, sanguine armour 2, demonic touch 3
a: no special abilities


You escaped.
You visited 1 branch of the dungeon, and saw 6 of its levels.

You collected 292 gold pieces.

Inventory:

Hand Weapons
 c - a +3 dagger (weapon)
Armour
 a - a +0 robe (worn)
Scrolls
 f - 2 scrolls of fog {unknown}
 j - a scroll of enchant armour {unknown}
 k - a scroll of enchant weapon {unknown}
 n - a scroll of teleportation {unknown}
 o - a scroll of fear {unknown}
Potions
 b - a potion of magic
 d - a potion of mutation
 e - a potion of brilliance
 g - a potion of lignification
 h - a potion of heal wounds
 i - 4 potions of curing {unknown}
 l - 2 potions of attraction
 m - a potion of degeneration {unknown}
 p - a potion of haste {unknown}


   Skills:
 + Level 3.9 Fighting
 + Level 4.2 Dodging
 + Level 4.4 Stealth
 + Level 4.3 Spellcasting
 + Level 5.2 Ice Magic


You had 8 spell levels left.
You knew the following spells:

 Your Spells              Type           Power      Damage    Failure   Level
a - Freeze                Ice            96%        1d11      1%          1
b - Frozen Ramparts       Ice            48%        1d8       4%          3
c - Ozocubu's Armour      Ice            24%        N/A       4%          3

Your spell library contained the following spells:

 Spells                   Type           Power      Damage    Failure   Level
 Sandblast                Erth           8%         2d5       14%         1
 Sting                    Tmut/Pois      16%        1d3       14%         1
 Passwall                 Tmut/Erth      3%         N/A       21%         2
 Poisonous Vapours        Pois/Air       8%         N/A       21%         2
 Gell's Gravitas          Tloc           4%         N/A       38%         3
 Lesser Beckoning         Tloc           4%         N/A       38%         3
 Stone Arrow              Conj/Erth      8%         3d7       38%         3
 Teleport Other           Tloc           4%         N/A       38%         3
 Hailstorm                Conj/Ice       14%        3d5       41%         4
 Ice Form                 Ice/Tmut       14%        N/A       41%         4
 Summon Ice Beast         Ice/Summ       14%        N/A       41%         4
 Olgreb's Toxic Radiance  Pois           4%         N/A       80%         4


Dungeon Overview and Level Annotations

Branches:
Dungeon (6/15)
 Temple: D:4-7

Altars:

Shops:
D:4 =


Innate Abilities, Weirdness & Mutations

You regenerate magic rapidly.
When seriously injured, your blood forms thick armour. (AC +0)
Your touch may irresistibly damage your foes and sap their willpower.


Message History

The sky beast barely misses you.
You hit the sky beast.
You touch the sky beast!
You sap its willpower!
The sky beast is heavily wounded.
The sky beast misses you.
You hit the sky beast but do no damage. Your touch misses the sky beast.
The sky beast is heavily wounded.
The sky beast hits you but does no damage.
You hit the sky beast but do no damage.
The sky beast is heavily wounded.
The sky beast hits you. The sky beast shocks you.
Your blood congeals into armour.
You hit the sky beast but do no damage.
You touch the sky beast!
You kill the sky beast!
You have reached level 8!
You feel clever.
(D) Dungeon
Where to? (Enter - D:5 @ (x,y), ? - help)
What level of the Dungeon? (default 1, ? - help)
Your icy armour cracks and falls away as you move.
Magic restored.
There is a stone staircase leading up here.
You climb upwards.
There is a stone staircase leading down here.
Your blood armour dries and flakes away.
There is a stone staircase leading up here.
You climb upwards.
There is a stone staircase leading down here.
There is a stone staircase leading up here.
You climb upwards.
There is a stone staircase leading down here.
There is a stone staircase leading up here.
You climb upwards.
There is a stone staircase leading down here.
There is a stone staircase leading up here.
You climb upwards.
There is a stone staircase leading down here.
There is a shaft here.
There is a staircase leading out of the dungeon here.
Are you sure you want to leave the Dungeon?
This will make you lose the game!
You have escaped!

.#..#...#.#..##....#.######.##...
.######..#.#≈..###..............#
.#[...####.#.##.###########.##.##
##....###.####≈#≈# #.##.##
##.≈##.#...#.#≈#.# #.##...
##..#.#.###.#.#.## #.#####
(≈##.####..#####.# #.#
(§##§#.....#..#..# #.#
≈.##..≈.#.#.#...@# #.#####
################## ##.#.... #.#
##..^.... #.# ### #.....### #.#
##.#######....# # #.#
#...........#.# ###.#####
##.########.#.### #.......#
#####.# #.#.... #.#.###.# #.....#
##'#####


There were no monsters in sight!

Vanquished Creatures
  A sky beast (D:6)
  2 black bears (D:5)
  2 ice beasts
  A phantom (D:4)
  A scorpion (D:4)
  3 orc priests
  3 hounds
  3 iguanas
  2 orc wizards
  4 gnolls (D:5)
  4 adders
  An ufetubus (D:5)
  2 worms
  3 dart slugs (D:3)
  20 orcs
  5 bats
  8 endoplasms
  3 giant cockroaches
  7 goblins
  3 hobgoblins
  5 quokkas
  6 ball pythons
  4 frilled lizards (D:2)
  4 kobolds
  4 rats
101 creatures vanquished.

Vanquished Creatures (others)
  7 plants (D:2)
7 creatures vanquished.

Grand Total: 108 creatures vanquished

Notes
Turn   | Place    | Note
-------+----------+-------------------------------------------
     0 | D:1      | Ashen the Demonspawn Ice Elementalist began the quest for
                  | the Orb.
     0 | D:1      | Reached XP level 1. HP: 13/13 MP: 3/3
   630 | D:1      | Gained mutation: Your touch may inflict minor irresistible
                  | damage on your foes. [demonic ancestry]
   630 | D:1      | Reached XP level 2. HP: 11/20 MP: 3/5
   769 | D:1      | Found a faded altar of an unknown god.
  1520 | D:2      | Reached skill level 1 in Fighting
  1579 | D:2      | Gained mutation: Your touch may inflict irresistible damage
                  | on your foes. [demonic ancestry]
  1579 | D:2      | Reached XP level 3. HP: 26/26 MP: 6/6
  2844 | D:3      | Gained mutation: Your touch may irresistibly damage your
                  | foes and sap their willpower. [demonic ancestry]
  2844 | D:3      | Reached XP level 4. HP: 27/32 MP: 0/7
  3013 | D:3      | Reached skill level 4 in Ice Magic
  3365 | D:4      | Found Qecepp's Jewellery Boutique.
  3525 | D:4      | Noticed an ice beast
  3530 | D:4      | Killed an ice beast
  3531 | D:4      | Gained mutation: When seriously injured, your blood forms
                  | armour. (AC +0) [demonic ancestry]
  3531 | D:4      | Reached XP level 5. HP: 31/38 MP: 7/9
  3689 | D:4      | Learned a level 3 spell: Frozen Ramparts
  3693 | D:4      | Learned a level 3 spell: Ozocubu's Armour
  3780 | D:4      | Gained mutation: When seriously injured, your blood forms
                  | thick armour. (AC +0) [demonic ancestry]
  3780 | D:4      | Reached XP level 6. HP: 27/45 MP: 1/10
  4663 | D:5      | Entered Level 5 of the Dungeon
  4814 | D:5      | Gained mutation: You regenerate magic rapidly. [demonic
                  | ancestry]
  4814 | D:5      | Reached XP level 7. HP: 26/52 MP: 8/12
  5330 | D:5      | Reached skill level 5 in Ice Magic
  5749 | D:6      | Reached XP level 8. HP: 36/60 MP: 12/14
  5864 | D:$      | Got out of the dungeon alive.

Illustrated notes

Levels and vault maps discovered:
D:1:      dpeg_arrival_brainrot, layout_loops_corners,
          hellmonk_ecumenical_altar_zigzags
D:2:      layout_rooms, serial_forest, infiniplex_forest_lined_2,
          infiniplex_forest_corner_1, infiniplex_forest_clump_long,
          infiniplex_forest_clump_medium, infiniplex_forest_fountain,
          infiniplex_forest_clump_small, infiniplex_forest_lined_2,
          infiniplex_forest_fountain, infiniplex_forest_clump_C
D:3:      layout_basic, grunt_ministairs_8
D:4:      layout_layer_cave, serial_shops, shop
D:5:      layout_cave_pools
D:6:      layout_basic

Skill      XL: |  1  2  3  4  5  6  7 |
---------------+----------------------+-----
Stealth        | 2 3 4 |  4.4
Dodging        | 2 3 4 |  4.2
Fighting       | 1 2 3 |  3.9
Ice Magic      | 4 5 |  5.2
Spellcasting   | 3 4 |  4.3

Action                   |  1- 3 |  4- 6 |  7- 9 || total
-------------------------+-------+-------+-------++-------
Melee: Dagger            |    48 |    68 |    33 ||   149
       Unarmed           |     1 |       |       ||     1
       Touch             |     3 |    17 |     7 ||    27
       Punch             |       |     1 |       ||     1
 Cast: Freeze            |    43 |     3 |     7 ||    53
       Frozen Ramparts   |       |     5 |     5 ||    10
       Ozocubu's Armour  |       |     3 |     6 ||     9
  Use: Scroll            |       |     4 |     1 ||     5
 Stab: Sleeping          |     8 |     4 |     2 ||    14
Armor: Robe              |    10 |     8 |    18 ||    36
Dodge: Dodged            |    50 |    38 |    22 ||   110
